 Dungeon Crawl Stone Soup version 0.16.0-6-gad6103a (webtiles) character file.

57 Nefaurd the Insei (level 3, -5/28 HPs)
             Began as a Draconian Transmuter on Mar 15, 2015.
             Slain by MTVSTy1e's ghost (9 damage)
             ... on level 3 of the Dungeon.
             The game lasted 00:17:07 (1871 turns).

Nefaurd the Insei (Draconian Transmuter)            Turns: 1871, Time: 00:17:07

Health: -5/28      AC:  6    Str: 10 (12) XL:     3   Next: 73%
Magic:  6/6        EV: 12    Int: 13      God:
Gold:   107        SH:  0    Dex: 12      Spells: 1 memorised, 5 levels left

rFire  . . .     SeeInvis .       - Unarmed
rCold  . . .     Clarity  .     (armour unavailable)
rNeg   . . .     SustAb   .     (no shield)
rPois  .         Gourm    .     (helmet restricted)
rElec  .         Spirit   .     i - +0 cloak
rCorr  .         Warding  .     (no gloves)
rMut   .         Stasis   .     (boots unavailable)
MR     .....                    (no amulet)
Stlth  +.........               (no ring)
                                (no ring)

@: appendage (expiring), not resistant to hostile enchantments, very unstealthy
A: unfitting armour, talons 3, cold-blooded, AC +5
a: End Transformation


You were on level 3 of the Dungeon.
You were not hungry.
You had grown temporary talons.
You visited 1 branch of the dungeon, and saw 3 of its levels.

You collected 107 gold pieces.

Inventory:

Hand weapons
 e - a cursed +0 hand axe
Missiles
 b - 12 arrows
Armour
 c - a +0 pair of boots
 h - a +2 pair of boots
 i - a +0 cloak (worn)
Scrolls
 f - a scroll of teleportation {unknown}
 k - a scroll of immolation
Books
 d - a book of Changes

   Spells                             Type                      Level
   a - Beastly Appendage              Transmutation                1
   b - Sticks to Snakes               Transmutation                2
   c - Spider Form                    Transmutation/Poison         3
   d - Ice Form                       Ice/Transmutation            4
   e - Blade Hands                    Transmutation                5
Comestibles
 a - 2 bread rations
 g - a meat ration


   Skills:
 + Level 1.3 Fighting
 + Level 2.5 Dodging
 + Level 3.5 Unarmed Combat
 + Level 2.3 Spellcasting
 + Level 2.5 Transmutations


You had 5 spell levels left.
You knew the following spells:

 Your Spells              Type           Power        Failure   Level  Hunger
a - Beastly Appendage     Trmt           #.....       10%         1    #......


Dungeon Overview and Level Annotations

Branches:
Dungeon (3/15)

Altars:
Okawaru

Annotations:
D:3 MTVSTy1e's ghost, average HOFi


Innate Abilities, Weirdness & Mutations

Your plain brown scales are hard (AC +5).
Your body does not fit into most forms of armour.
Your cold-blooded metabolism reacts poorly to cold.
You have claws for feet.


Message History

MTVSTy1e's ghost is heavily damaged.
MTVSTy1e's ghost hits you but does no damage.
You barely miss MTVSTy1e's ghost. Your kick misses MTVSTy1e's ghost.
MTVSTy1e's ghost is heavily damaged.
MTVSTy1e's ghost hits you but does no damage.
You hit MTVSTy1e's ghost!
Your tail-slap misses MTVSTy1e's ghost.
MTVSTy1e's ghost is severely damaged.
MTVSTy1e's ghost hits you.
You hit MTVSTy1e's ghost!
MTVSTy1e's ghost is severely damaged.
MTVSTy1e's ghost barely misses you.
You hit MTVSTy1e's ghost but do no damage.
MTVSTy1e's ghost is severely damaged.
Your transformation is almost over.
MTVSTy1e's ghost hits you!
* * * LOW HITPOINT WARNING * * *
MTVSTy1e's ghost makes a sound of rattling chains.
There is a stone staircase leading up here.
Magic restored.
MTVSTy1e's ghost hits you!
You die...

###########
#...@..†..#####
#...W..........
#.........#####
######.##....#
#.?.####..
#.....# .
......$.[..
####..[..#..#
##.........


You could see MTVSTy1e's ghost (inner flame).

Vanquished Creatures
  2 adders (D:2)
  2 giant geckos (D:2)
  An ooze (D:2)
  A ball python (D:2)
  5 hobgoblins (D:1)
  A jackal (D:1)
  5 kobolds
  3 bats
  2 giant cockroaches
  A giant newt (D:2)
  7 goblins
  7 rats
37 creatures vanquished.

Notes
Turn   | Place    | Note
--------------------------------------------------------------
     0 | D:1      | Nefaurd, the Draconian Transmuter, began the quest for the Orb.
     0 | D:1      | Reached XP level 1. HP: 16/16 MP: 3/3
   259 | D:1      | Reached XP level 2. HP: 11/23 MP: 2/4
   528 | D:1      | Found an iron altar of Okawaru.
  1174 | D:2      | Reached XP level 3. HP: 23/28 MP: 4/6
  1854 | D:3      | Noticed MTVSTy1e's ghost (average HOFi)
  1871 | D:3      | Slain by MTVSTy1e's ghost

Action                   || total
-------------------------++-------
Melee: Unarmed           ||   105
 Cast: Beastly Appendage ||    12
  Use: Potion            ||     7
       Scroll            ||     4
 Stab: Distracted        ||     1
       Invisible         ||     1
       Sleeping          ||     1
  Eat: Chunk             ||     2
       Pizza             ||     1
